[Event "*** Titled Tuesday Blitz"]
[Site "Chess.com"]
[Date "2021.03.16"]
[Round "8"]
[White "GMJustin"]
[Black "Mikhail_Golubev"]
[Result "0-1"]
[WhiteElo "2325"]
[BlackElo "2551"]
[TimeControl "180+1"]
[EndTime "11:25:54 PDT"]
[Termination "Mikhail_Golubev won on time"]

1. e4 c5 2. Nf3 d6 3. Bb5+ Nc6 4.
O-O Bd7 5. Re1 Nf6 6. c3 a6 7. Bxc6 Bxc6 8. d4 cxd4 9. cxd4 Bxe4 10. Nc3 Bxf3 11. Qxf3 e6 12. Qxb7 Qc8 13. Qf3 Be7 14.
Bg5 O-O 15. Ne4 Nxe4 16. Bxe7 Re8 17. Rac1 Qb7 18. Qxe4 Rxe7 19. Qxb7 Rxb7 20. Rc2 d5 21. Rec1 g5 22. Kf1 Kg7 23. Ke2 a5 24. Kd3 a4 25.
Rd2 Rab8 26. Rcc2 Rb4 27. Ke3 R8b7 28. g3 Kg6 0-1

[Event "*** Titled Tuesday Blitz"]
[Site "Chess.com"]
[Date "2021.03.16"]
[Round "8"]
[White "juli2512"]
[Black "muchojogo"]
[Result "1-0"]
[WhiteElo "2228"]
[BlackElo "2409"]
[TimeControl "180+1"]
[EndTime "11:26:11 PDT"]
[Termination "juli2512 won by resignation"]

1. e4 c5 2. d3 Nc6 3. Nc3 Rb8 4. g3 b5 5. Bg2 b4 6. Nce2 e6 7. f4 h5 8. h3 d6 9. Nf3 Bb7 10. O-O g6 11. Be3 Bg7 12. Ng5 Nge7 13. c3 bxc3 14. bxc3 O-O 15. Qd2 Qd7 16. g4 hxg4 17. hxg4 f5 18.
gxf5 gxf5 19. Ng3 Nd8 20. Nh5 Ng6 21. Rab1 Rc8 22. Qf2 fxe4 23. dxe4 Nf7 24. Nh3 Bxc3 25. Qg3 Kh7 26. e5 Bxg2 27. Nf6+ Kg7 28. Nxd7 Bxf1 29. Nxf8 Rxf8 30. Rxf1 dxe5 31. Bxc5 Rc8 32. Qxc3 1-0

[Event "*** Titled Tuesday Blitz"]
[Site "Chess.com"]
[Date "2021.03.16"]
[Round "8"]
[White "anon102030"]
[Black "KuzubovYuriy"]
[Result "0-1"]
[WhiteElo "2702"]
[BlackElo "2856"]
[TimeControl "180+1"]
[EndTime "11:26:18 PDT"]
[Termination "KuzubovYuriy won by resignation"]

1. e4 c5 2. Nc3 g6 3. g3 Bg7 4.
Bg2 d6 5. d3 Nd7 6. Be3 Rb8 7. d4 b5 8. Nf3 b4 9. Ne2 Ngf6 10. e5 Nd5 11. exd6 Nxe3 12. fxe3 exd6 13. O-O O-O 14. Nf4 Bb7 15. Qd3 Nf6 16. Rad1 Qc7 17. Nd2 Bxg2 18. Kxg2 Qb7+ 19. Nf3 g5 20. dxc5 gxf4 21. cxd6 fxe3 22. Qxe3 Rfe8 23. Qf4 Nd5 24. Rxd5 Qxd5 25. Kh3 Re4 26. Qg5 Qxd6 27. Nh4 Rxh4+ 28.
Kxh4 Qh6+ 29. Qxh6 Bxh6 30. Rf6 Bg7 31. Ra6 Bxb2 32. Rxa7 Rc8 33. Rb7 Ba3 34. Kg5 Rxc2 35. Kh6 Rc6+ 36. Kg5 Kg7 0-1

[Event "*** Titled Tuesday Blitz"]
[Site "Chess.com"]
[Date "2021.03.16"]
[Round "8"]
[White "olksuna"]
[Black "Sychev_Klementy"]
[Result "0-1"]
[WhiteElo "2664"]
[BlackElo "2870"]
[TimeControl "180+1"]
[EndTime "11:26:18 PDT"]
[Termination "Sychev_Klementy won by resignation"]

1. e4 e5 2. d4 exd4 3. Qxd4 Nc6 4. Qc4 Nf6 5. Nc3 Bb4 6. Bd2 O-O 7. O-O-O d6 8. f3 a5 9. Kb1 Be6 10. Nd5 Bxd2 11. Rxd2 Nb4 12. a3 Nbxd5 13. exd5 Nxd5 14.
Qd4 Re8 15. Bc4 c5 16. Qe4 Nf6 17. Qh4 Bxc4 18. Qxc4 Re1+ 19. Ka2 d5 20. Qxc5 Rc8 21. Qf2 Rc1 22. b3 Qc7 23. Kb2 Qc3+ 0-1

[Event "*** Titled Tuesday Blitz"]
[Site "Chess.com"]
[Date "2021.03.16"]
[Round "8"]
[White "Pinkito"]
[Black "SameerMujumdar"]
[Result "1-0"]
[WhiteElo "2451"]
[BlackElo "2313"]
[TimeControl "180+1"]
[EndTime "11:26:23 PDT"]
[Termination "Pinkito won by resignation"]

1. d4 Nf6 2. c4 e6 3. Nf3 Bb4+ 4. Nbd2 O-O 5. e3 d6 6. Bd3 Nc6 7. O-O Bxd2 8. Bxd2 e5 9. Be2 Bg4 10. dxe5 dxe5 11. Bc3 Qe7 12. h3 Bh5 13. Nh4 Bxe2 14. Qxe2 Ne4 15. Nf5 Qe6 16. Qg4 g6 17. Nh6+ Kg7 18.
Qxe4 Kxh6 19. Qh4+ Kg7 20. f4 Qxc4 21. Qg3 Rae8 22. fxe5 Kg8 23. e6 Rxe6 24. Qxc7 Rxe3 25. Qxb7 Re2 26. Rae1 Rxe1 27. Rxe1 Nd4 28. Qe4 Rd8 29. Kh1 Qd5 30. Qxd5 Rxd5 31. Rd1 1-0

[Event "*** Titled Tuesday Blitz"]
[Site "Chess.com"]
[Date "2021.03.16"]
[Round "8"]
[White "ViktoriyaTarasova"]
[Black "crazy_but_lazy"]
[Result "1-0"]
[WhiteElo "2367"]
[BlackElo "2460"]
[TimeControl "180+1"]
[EndTime "11:26:36 PDT"]
[Termination "ViktoriyaTarasova won on time"]

1. d4 d5 2. c4 e5 3. dxe5 Ne7 4. cxd5 Qxd5 5. Qxd5 Nxd5 6. a3 Nc6 7. Nf3 Bg4 8. Nbd2 O-O-O 9. e3 Bc5 10. Bb5 Nde7 11.
O-O a6 12. Bc4 Bh5 13. b4 Bb6 14. Bb2 Nf5 15. Kh1 Rhe8 16. Rac1 Nce7 17. h3 Bg6 18. g4 Nh4 19. Nxh4 Rxd2 20. Bc3 Rdd8 21. Nxg6 Nxg6 22. Bxf7 Rf8 23. e6 Nh8 24. Bxg7 1-0

[Event "*** Titled Tuesday Blitz"]
[Site "Chess.com"]
[Date "2021.03.16"]
[Round "8"]
[White "davigator"]
[Black "SilviusTiberius"]
[Result "1-0"]
[WhiteElo "2435"]
[BlackElo "2526"]
[TimeControl "180+1"]
[EndTime "11:26:38 PDT"]
[Termination "davigator won by resignation"]

1. e4 e5 2. Nf3 Nc6 3. Bb5 Nf6 4. d3 d6 5. c3 Bd7 6. O-O g6 7. Re1 Bg7 8. d4 O-O 9. Nbd2 exd4 10. cxd4 a6 11.
Ba4 b5 12. Bc2 Nb4 13. Bb1 c5 14. a3 Nc6 15. d5 Nd4 16. Nxd4 cxd4 17. Nf3 Re8 18.
Bg5 h6 19. Bh4 g5 20. Bg3 Qb6 21. h3 g4 22. hxg4 Bxg4 23. Bd3 Nh5 24. Bh2 Be5 25.
Qd2 Bxf3 26. gxf3 Qd8 27. f4 Bg7 28. Qe2 Qh4 29. Qf3 Kh8 30. Kh1 Rg8 31. Rg1 Bf6 32.
Rxg8+ Rxg8 33. Rg1 Rxg1+ 34. Kxg1 Bg7 35. e5 dxe5 36.
fxe5 Qg5+ 37. Qg2 Bxe5 38. Qxg5 Bxh2+ 39. Kxh2 hxg5 40. d6 Nf4 41. Bf5 Kg7 42. d7 1-0

[Event "*** Titled Tuesday Blitz"]
[Site "Chess.com"]
[Date "2021.03.16"]
[Round "8"]
[White "jraosam"]
[Black "pavelalexandru07"]
[Result "0-1"]
[WhiteElo "1890"]
[BlackElo "2289"]
[TimeControl "180+1"]
[EndTime "11:26:38 PDT"]
[Termination "pavelalexandru07 won by resignation"]

1. c4 Nf6 2. Nc3 c5 3. e3 e6 4. d4 a6 5. d5 exd5 6. cxd5 d6 7. a4 g6 8. e4 Bg7 9. Nf3 O-O 10. Bd3 Bg4 11.
h3 Bxf3 12. Qxf3 Nbd7 13. Qd1 Qa5 14. O-O b5 15. Kh1 c4 16. Bc2 Rfc8 17. Bf4 b4 18. Ne2 Nc5 19. f3 Ne8 20. Nd4 Qb6 21. a5 Qb7 22. Ba4 Nd3 23. Bc6 Qa7 24. Bxa8 Qxd4 25. Bb7 Rc7 26. Bxa6 Qxb2 27. Rb1 Nf2+ 28. Rxf2 Qxf2 29.
Rb3 cxb3 0-1

[Event "*** Titled Tuesday Blitz"]
[Site "Chess.com"]
[Date "2021.03.16"]
[Round "8"]
[White "Babas"]
[Black "ural58"]
[Result "0-1"]
[WhiteElo "2403"]
[BlackElo "2530"]
[TimeControl "180+1"]
[EndTime "11:26:42 PDT"]
[Termination "ural58 won by resignation"]

1. d4 d5 2. Nf3 Nc6 3. c4 e5 4. cxd5 Qxd5 5. Nc3 Bb4 6. e3 exd4 7. a3 Bxc3+ 8. bxc3 d3 9. Bxd3 Bg4 10. Qe2 Ne5 11.
Bb5+ c6 12. c4 Qe4 13. Nd2 Qxg2 14. Qf1 Nd3+ 15. Qxd3 Qxh1+ 16. Nf1 cxb5 17. Bb2 Nf6 18. Bxf6 gxf6 19. Kd2 0-1

[Event "*** Titled Tuesday Blitz"]
[Site "Chess.com"]
[Date "2021.03.16"]
[Round "8"]
[White "ChessQueen"]
[Black "tptagain"]
[Result "0-1"]
[WhiteElo "2713"]
[BlackElo "2869"]
[TimeControl "180+1"]
[EndTime "11:26:44 PDT"]
[Termination "tptagain won by resignation"]

1. e4 g6 2. d4 Bg7 3. Nc3 c6 4. Bc4 d6 5. Nf3 Nf6 6. e5 dxe5 7. Nxe5 O-O 8. O-O Nbd7 9. h3 c5 10. Be3 cxd4 11. Bxd4 Qc7 12. Qe2 a6 13. Rfe1 Nxe5 14.
Bxe5 Qc5 15. a4 Bf5 16. Bb3 Rad8 17. Bf4 Rfe8 18. a5 e5 19. Be3 Qc7 20. Bb6 Qc8 21. Bxd8 Qxd8 22. Red1 Qc8 23. Na4 e4 24. Nb6 Qc7 25. c3 e3 26. fxe3 Bh6 27. Qc4 Qe7 28. Nd5 Nxd5 29. Qxd5 Be6 30. Ba4 Bxd5 31. Bxe8 Qxe3+ 0-1

[Event "*** Titled Tuesday Blitz"]
[Site "Chess.com"]
[Date "2021.03.16"]
[Round "8"]
[White "Grineva_Marianna"]
[Black "AwareIdea"]
[Result "1-0"]
[WhiteElo "2276"]
[BlackElo "2408"]
[TimeControl "180+1"]
[EndTime "11:26:49 PDT"]
[Termination "Grineva_Marianna won by resignation"]

1. e4 e5 2. Nf3 Nc6 3. Bb5 Nf6 4. Qe2 Bc5 5. h3 d6 6. d3 Bb6 7.
c3 O-O 8. Nbd2 Nh5 9. Nf1 g6 10. g4 Nf4 11. Bxf4 exf4 12. N1d2 Ne7 13. Bc4 d5 14. Bb3 dxe4 15. dxe4 c6 16. O-O-O Qc7 17. e5 Be6 18. Ne4 Bxb3 19. Nf6+ Kg7 20. axb3 Rad8 21.
h4 Nd5 22. Ng5 Nxf6 23. exf6+ Kxf6 24. Nxh7+ Kg7 25. Nxf8 Rxf8 26. h5 g5 27. h6+ Kh8 28.
f3 Be3+ 29. Kb1 Qe5 30. Qd3 Re8 31. Qc4 Re7 32. Rd8+ Kh7 33. Qd3+ f5 34. gxf5 Qf6 35. Rd6 1-0

[Event "*** Titled Tuesday Blitz"]
[Site "Chess.com"]
[Date "2021.03.16"]
[Round "8"]
[White "Hangar-18"]
[Black "abeljusto"]
[Result "1-0"]
[WhiteElo "2328"]
[BlackElo "2156"]
[TimeControl "180+1"]
[EndTime "11:26:51 PDT"]
[Termination "Hangar-18 won by resignation"]

1. c4 Nf6 2. Nc3 e5 3. Nf3 Nc6 4. e4 Bc5 5. Nxe5 Nxe5 6. d4 Bb4 7. dxe5 Nxe4 8. Qf3 Nxc3 9. bxc3 Be7 10. Qg3 g6 11. Bh6 d6 12. Rd1 Be6 13. c5 d5 14. Be2 c6 15. O-O Bxc5 16. Bg7 Rg8 17. Bf6 Be7 18. Qh4 Bxf6 19. exf6 h5 20. Qg5 Qd7 21. Rfe1 O-O-O 22. a4 Kb8 23. a5 Ka8 24. c4 Qc7 25. a6 b6 26. cxd5 Rxd5 27. Qe3 Rxd1 28. Rxd1 Rd8 29.
Rc1 Qd6 30. Bf3 Bd5 31. Qe7 Qxe7 32. fxe7 Re8 33. Bxd5 cxd5 34. Rc7 Kb8 35. Rb7+ Ka8 36. Rd7 1-0

[Event "*** Titled Tuesday Blitz"]
[Site "Chess.com"]
[Date "2021.03.16"]
[Round "8"]
[White "GMaka"]
[Black "Szparu"]
[Result "1-0"]
[WhiteElo "2474"]
[BlackElo "2616"]
[TimeControl "180+1"]
[EndTime "11:26:55 PDT"]
[Termination "GMaka won by resignation"]

1. d4 Nf6 2. Bg5 d5 3. e3 c5 4. c3 Nc6 5. Nf3 Bg4 6. Nbd2 e6 7.
Bb5 Bd6 8. Qa4 Qb6 9. Bxf6 Bxf3 10.
Bxg7 Rg8 11. Nxf3 Rxg7 12. g3 a6 13. Bxc6+ bxc6 14. b3 Qb5 15. Qxb5 axb5 16. a4 f6 17. dxc5 Be5 18. Nxe5 fxe5 19. a5 b4 20. cxb4 Rb7 21. Ra4 e4 22. Kd2 e5 23. Kc3 Ra6 24. Ra2 Ke7 25.
Rf1 Rd7 26. f3 d4+ 27. exd4 exd4+ 28. Kc4 e3 29. Rd1 Ra8 30. Rxd4 Rxd4+ 31. Kxd4 Rd8+ 32. Kxe3 Kd7 33. Rd2+ Kc7 34. Rxd8 Kb7 1-0

[Event "*** Titled Tuesday Blitz"]
[Site "Chess.com"]
[Date "2021.03.16"]
[Round "8"]
[White "VladimirBugayev"]
[Black "DanilovVladimir"]
[Result "1-0"]
[WhiteElo "2287"]
[BlackElo "2416"]
[TimeControl "180+1"]
[EndTime "11:26:59 PDT"]
[Termination "VladimirBugayev won on time"]

1. e4 e5 2. Nf3 Nc6 3. d4 exd4 4. Nxd4 Nf6 5. Nxc6 bxc6 6. e5 Qe7 7. Qe2 Nd5 8.
h4 h6 9. g3 a5 10. c4 Ba6 11.
b3 Qb4+ 12. Bd2 Qb6 13. Qe4 Ne7 14. Nc3 Ng6 15. h5 Ne7 16. Na4 Qa7 17. Be3 Qb8 18. Bh3 Nc8 19. O-O-O Ba3+ 20. Kc2 O-O 21. Rxd7 Nb6 22.
Nxb6 cxb6 23. e6 fxe6 24. Bxe6+ Kh8 25. Qg6 Qe5 26. Bd4 1-0

[Event "*** Titled Tuesday Blitz"]
[Site "Chess.com"]
[Date "2021.03.16"]
[Round "8"]
[White "Vasily85"]
[Black "Frolyanov_D"]
[Result "0-1"]
[WhiteElo "2449"]
[BlackElo "2684"]
[TimeControl "180+1"]
[EndTime "11:27:01 PDT"]
[Termination "Frolyanov_D won on time"]

1. d4 d5 2. Nc3 Bf5 3. Bf4 c6 4. e3 Nd7 5. Bd3 Bxd3 6. Qxd3 Ngf6 7. O-O-O e6 8. e4 dxe4 9. Nxe4 Qa5 10. Kb1 Nxe4 11. Qxe4 Qd5 12. Qxd5 cxd5 13. Nf3 Be7 14. Ne5 Nb6 15. Rhe1 O-O 16. c3 Rac8 17. Nd3 a6 18. g4 Rfe8 19. Bg3 Nc4 20. f4 Nd6 21. Nf2 a5 22. h3 b5 23. a3 Bf8 24. Re2 g6 25. Rde1 b4 26. axb4 axb4 27. cxb4 Nb5 28. Rd1 Bxb4 29. Nd3 Nxd4 30. Rf2 Bd6 31. Bh2 Ra8 32.
Ne1 Ra4 33. Rfd2 Bc5 0-1

[Event "*** Titled Tuesday Blitz"]
[Site "Chess.com"]
[Date "2021.03.16"]
[Round "8"]
[White "c_r_e_e_p_e_r"]
[Black "chessmadara"]
[Result "1-0"]
[WhiteElo "2356"]
[BlackElo "2188"]
[TimeControl "180+1"]
[EndTime "11:27:02 PDT"]
[Termination "c_r_e_e_p_e_r won by resignation"]

1. e4 c5 2. Nf3 d6 3. d4 cxd4 4.
Nxd4 Nf6 5. Nc3 g6 6. f3 Bg7 7. Be3 Nc6 8. Qd2 O-O 9. Bc4 Na5 10. Bb3 Bd7 11. h4 h5 12. Bh6 Bxh6 13. Qxh6 e5 14. Nde2 Nxb3 15. axb3 b5 16. O-O-O b4 17. Nd5 Nxd5 18.
Rxd5 Be6 19. Rd2 Qf6 20. Rxd6 Rac8 21. Rhd1 Rc7 22. Qe3 Rfc8 23. R6d2 Qxh4 24. g3 Qe7 25. Kb1 a5 26. f4 exf4 27. Nxf4 Bg4 28. Nd5 Qe5 29.
Rf1 Rc6 30. Qa7 Qg7 31. Ne7+ Kh8 32. Nxc6 Rxc6 33. Rd8+ 1-0

[Event "*** Titled Tuesday Blitz"]
[Site "Chess.com"]
[Date "2021.03.16"]
[Round "8"]
[White "kubal123"]
[Black "KarateBaby"]
[Result "1-0"]
[WhiteElo "2250"]
[BlackElo "2136"]
[TimeControl "180+1"]
[EndTime "11:27:03 PDT"]
[Termination "kubal123 won by resignation"]

1. e4 g6 2. d4 Bg7 3. Nc3 d6 4. f4 a6 5. Nf3 b5 6. e5 Nd7 7. Bd3 c5 8. Be4 Rb8 9. Be3 cxd4 10. Nxd4 dxe5 11. Nc6 Qc7 12. Nxb8 Qxb8 13. O-O exf4 14. Bxf4 Qb6+ 15. Kh1 Ngf6 16. Nd5 Nxd5 17. Bxd5 O-O 18. Qf3 Nf6 19. Bb3 Bb7 20. Qh3 h5 21. Rae1 Ng4 22.
Be3 Nxe3 23. Qxe3 Qxe3 24. Rxe3 Bxb2 25. Rxe7 Be4 26. Rxe4 1-0

[Event "*** Titled Tuesday Blitz"]
[Site "Chess.com"]
[Date "2021.03.16"]
[Round "8"]
[White "Darius321"]
[Black "SaqoChess_Twitch"]
[Result "0-1"]
[WhiteElo "2295"]
[BlackElo "2500"]
[TimeControl "180+1"]
[EndTime "11:27:05 PDT"]
[Termination "SaqoChess_Twitch won on time"]

1. e4 c5 2. Nf3 d6 3. Bb5+ Nd7 4. c3 Nf6 5. Qe2 a6 6. Ba4 b5 7. Bc2 Bb7 8. O-O e6 9. a4 Be7 10. axb5 axb5 11. Rxa8 Qxa8 12. Qxb5 Bxe4 13. Bxe4 Qxe4 14. Na3 O-O 15. d4 Rb8 16. Qa6 d5 17. Re1 Qg4 18. Ne5 Nxe5 19. dxe5 Ne4 20. Qa7 Re8 21.
Nb5 Bh4 22. g3 Bxg3 23. hxg3 Nxg3 24. fxg3 Qxg3+ 25. Kf1 Qd3+ 26. Kf2 Qxb5 27. Re2 Rd8 28. Be3 d4 29. cxd4 cxd4 30. Bxd4 Qb4 31. Bc3 Qh4+ 32. Kg2 Qg4+ 33. Kf2 h5 34. Qe7 Qf4+ 35. Kg2 Rd3 0-1

[Event "*** Titled Tuesday Blitz"]
[Site "Chess.com"]
[Date "2021.03.16"]
[Round "8"]
[White "Konavets"]
[Black "NTBT_DHS"]
[Result "1-0"]
[WhiteElo "2948"]
[BlackElo "2789"]
[TimeControl "180+1"]
[EndTime "11:27:11 PDT"]
[Termination "Konavets won by resignation"]

1. e4 g6 2. d4 Bg7 3. Nc3 a6 4.
h4 h5 5. Bg5 Nf6 6. e5 Nh7 7.
Be3 d6 8. f4 Bh6 9. Nf3 Nd7 10.
e6 Ndf6 11. exf7+ Kxf7 12. Ng5+ Kg7 13. d5 Rf8 14. Bd3 c5 15. a4 Ng4 16. Qe2 Nhf6 17. f5 Nxe3 18. Qxe3 Ng4 19. Ne6+ Bxe6 20. Qxe6 Ne5 21.
fxg6 Rf6 22. Qh3 Qb6 23. Ne4 Qxb2 24. Rd1 Qb4+ 25. c3 Qb2 26. Nxf6 Qxc3+ 27. Ke2 Qb2+ 28.
Ke1 Qc3+ 29. Ke2 exf6 30. Qe6 Nxd3 31. Qf7+ 1-0

[Event "*** Titled Tuesday Blitz"]
[Site "Chess.com"]
[Date "2021.03.16"]
[Round "8"]
[White "Omk124"]
[Black "Margency"]
[Result "0-1"]
[WhiteElo "2558"]
[BlackElo "2729"]
[TimeControl "180+1"]
[EndTime "11:27:11 PDT"]
[Termination "Margency won by resignation"]

1. e4 c5 2. Nf3 d6 3. d4 cxd4 4. Nxd4 Nf6 5. Nc3 a6 6. Bc4 e6 7. Bb3 Nbd7 8. O-O Nc5 9. Qe2 b5 10. a3 Nxb3 11. Nxb3 Bb7 12. f3 Be7 13. Be3 O-O 14.
Rad1 Qc7 15. Kh1 Rac8 16. Qf2 d5 17. Bb6 Qb8 18. Bc5 Bxc5 19. Nxc5 dxe4 20. N3xe4 Bxe4 21. Nxe4 Nxe4 22. fxe4 Qe5 23. Rd7 f5 24. exf5 Rxf5 25. Qg1 Rxc2 26. Re1 Re2 27. Rc1 h6 28. Rc8+ Kh7 29.
Rcc7 Ref2 30. Rc1 Qxb2 31. Rcc7 Rf1 0-1

[Event "*** Titled Tuesday Blitz"]
[Site "Chess.com"]
[Date "2021.03.16"]
[Round "8"]
[White "whogeeyao"]
[Black "campomania3"]
[Result "0-1"]
[WhiteElo "2309"]
[BlackElo "2193"]
[TimeControl "180+1"]
[EndTime "11:27:11 PDT"]
[Termination "campomania3 won by resignation"]

1. e4 c6 2. Bc4 d5 3. Bb3 e6 4. e5 c5 5. d4 Nc6 6. Nf3 Nge7 7. Bg5 Qa5+ 8. Bd2 Qb6 9. dxc5 Qxc5 10. O-O Ng6 11.
Re1 Be7 12. Nc3 b5 13. a3 Qb6 14. Qe2 O-O 15. Qxb5 Qxb5 16. Nxb5 Rb8 17. Nbd4 Bd7 18. Nxc6 Bxc6 19. Be3 a6 20. Nd4 Bd7 21. f4 Rfc8 22.
Kh1 a5 23. a4 Bc5 24. Rad1 Rb4 25. f5 Nxe5 26. fxe6 fxe6 27. Nxe6 Bxe3 28. Rxe3 Ng4 29. Rxd5 Nxe3 30. Rxd7 Rxb3 0-1

[Event "*** Titled Tuesday Blitz"]
[Site "Chess.com"]
[Date "2021.03.16"]
[Round "8"]
[White "JordanLoyd2020"]
[Black "TheCairnTerrier"]
[Result "1-0"]
[WhiteElo "2492"]
[BlackElo "2156"]
[TimeControl "180+1"]
[EndTime "11:27:12 PDT"]
[Termination "JordanLoyd2020 won on time"]

1. d4 Nf6 2. c4 g6 3. Nc3 Bg7 4. e4 d6 5. Nge2 O-O 6. Ng3 e5 7. d5 a5 8. Be2 Nbd7 9. h4 h5 10. Bg5 Nc5 11. Bxh5 gxh5 12. Nxh5 Bg4 13. Nxf6+ Qxf6 14.
Qxg4 Nd3+ 15. Ke2 Qxf2+ 16. Kxd3 f5 17. Qe2 fxe4+ 18. Nxe4 Qd4+ 19. Kc2 Rf4 20. Bxf4 exf4 21. Nc3 b5 22. Rad1 Qxc4 23. Qxc4 bxc4 24. h5 Kf7 25. h6 Be5 26. Nb5 Rb8 27. a4 Kg6 28. Rd2 Kf5 29.
h7 Bh8 30. Re2 1-0

[Event "*** Titled Tuesday Blitz"]
[Site "Chess.com"]
[Date "2021.03.16"]
[Round "8"]
[White "kunaevchess"]
[Black "FMalexhdez"]
[Result "1-0"]
[WhiteElo "2353"]
[BlackElo "2209"]
[TimeControl "180+1"]
[EndTime "11:27:14 PDT"]
[Termination "kunaevchess won by resignation"]

1. e4 c5 2. Nf3 d6 3. d4 cxd4 4. Qxd4 Nf6 5. c4 Nc6 6. Qe3 g6 7. Nc3 Bg7 8. h3 O-O 9. Be2 b6 10. O-O Bb7 11. Rd1 Nd7 12. Rb1 Rc8 13. b3 Qc7 14.
Bb2 Qb8 15. Nd5 e6 16. Bxg7 Kxg7 17. Nc3 Nc5 18. b4 Nd7 19. Nb5 Nce5 20. Nxd6 Rc7 21. Nxe5 Nxe5 22. Qd4 f6 23. f4 Nf7 24. c5 e5 25. Qe3 exf4 26. Qxf4 Nxd6 27. Rxd6 Re7 28.
Bf3 Qa8 29. Rbd1 Bxe4 30. Rd7 Rff7 31. Qc7 Bxf3 32. Rxe7 Bxd1 33. Rxf7+ Kh6 34. Rxh7+ Kg5 35. Qg3+ 1-0

[Event "*** Titled Tuesday Blitz"]
[Site "Chess.com"]
[Date "2021.03.16"]
[Round "8"]
[White "slavenok"]
[Black "Artem_Sadovsky"]
[Result "1-0"]
[WhiteElo "2744"]
[BlackElo "2626"]
[TimeControl "180+1"]
[EndTime "11:27:22 PDT"]
[Termination "slavenok won on time"]

1. e4 g6 2. d4 Bg7 3. c4 d6 4. Nc3 e5 5. Be3 Nc6 6. d5 Nce7 7. Bd3 f5 8. exf5 gxf5 9. Bg5 Nf6 10. Nge2 O-O 11.
Qd2 Bd7 12. Bh6 Qe8 13. Bxg7 Kxg7 14. O-O-O Qg6 15. f3 Qh6 16. f4 Ng6 17. g3 Rae8 18.
Kb1 Kh8 19. h4 exf4 20. gxf4 Ne4 21. Bxe4 fxe4 22. Rdf1 e3 23. Qd4+ Qg7 24. Qd1 Bg4 25. Qb3 h5 26. Ka1 b6 27. Qc2 Qf6 28. Nb5 Re7 29.
Nbd4 Ref7 30. f5 Ne7 31. Ne6 Bxf5 32. Qc1 Rg8 33. Qxe3 b5 34. Ng5 Rfg7 35. Nd4 bxc4 36.
Nxf5 Nxf5 37. Qf3 Rb8 38. Rh2 Re7 39. a3 Re3 40. Qxh5+ Kg8 41. Qh7+ Kf8 42. Rxf5 1-0

[Event "*** Titled Tuesday Blitz"]
[Site "Chess.com"]
[Date "2021.03.16"]
[Round "8"]
[White "karinachess1"]
[Black "VinzentSpitzl"]
[Result "1-0"]
[WhiteElo "2516"]
[BlackElo "2374"]
[TimeControl "180+1"]
[EndTime "11:27:22 PDT"]
[Termination "karinachess1 won by resignation"]

1. e4 c5 2. Nf3 d6 3. d4 cxd4 4.
Nxd4 Nf6 5. Nc3 Nc6 6. g3 e5 7.
Nb3 Be6 8. Bg2 Be7 9. O-O O-O 10. Bg5 Qd7 11. Bxf6 Bxf6 12. Qd2 Rac8 13. Rfd1 Nd4 14. Nxd4 exd4 15. Ne2 Qa4 16. b3 Qa6 17. Nxd4 Bxd4 18. Qxd4 Rxc2 19. Qxd6 Qe2 20. Rf1 Rxa2 21. Rxa2 Qxa2 22.
b4 Rc8 23. e5 b6 24. h4 h6 25.
Rd1 Qc4 26. Rd4 Qc7 27. Be4 Qxd6 28. exd6 Kf8 29. f4 Ke8 30. f5 Bd7 31. Kf2 Kd8 32. Kf3 Bc6 33. Kf4 Kd7 34. Bd3 a5 35. f6 gxf6 36.
Bf5+ Kd8 37. Bxc8 Kxc8 38. bxa5 bxa5 39. Kf5 a4 40. Kxf6 a3 41. Rd3 a2 42. Ra3 Bd5 43.
Ke7 Be6 44. Rxa2 Bxa2 45. d7+ 1-0

[Event "*** Titled Tuesday Blitz"]
[Site "Chess.com"]
[Date "2021.03.16"]
[Round "8"]
[White "Chesseyat004"]
[Black "kreonx"]
[Result "0-1"]
[WhiteElo "2454"]
[BlackElo "2339"]
[TimeControl "180+1"]
[EndTime "11:27:22 PDT"]
[Termination "kreonx won by resignation"]

1. e4 c6 2. d3 d5 3. Nf3 Bg4 4. h3 dxe4 5. hxg4 exf3 6. Qxf3 e5 7. Nc3 Nf6 8. Bg5 Nbd7 9. O-O-O Qa5 10. Kb1 Bb4 11. Ne4 Nxe4 12. dxe4 f6 13. Bc4 O-O-O 14. Bc1 Kc7 15. a3 Be7 16. g5 b5 17. Ba2 b4 18. axb4 Qxb4 19. gxf6 Nxf6 20. Rhe1 Rxd1 21.
Qxd1 Nxe4 22. f3 Nc3+ 0-1

[Event "*** Titled Tuesday Blitz"]
[Site "Chess.com"]
[Date "2021.03.16"]
[Round "8"]
[White "MatyChess1"]
[Black "Sokoloco"]
[Result "0-1"]
[WhiteElo "2592"]
[BlackElo "2444"]
[TimeControl "180+1"]
[EndTime "11:27:23 PDT"]
[Termination "Sokoloco won by resignation"]

1. e4 g6 2. d4 Bg7 3. c3 d6 4. Bd3 e5 5. Nf3 Nc6 6. dxe5 dxe5 7. O-O Nf6 8. b4 a6 9. Qc2 O-O 10. Nbd2 h6 11. Nc4 Re8 12. Re1 Bg4 13. Nfd2 Nd7 14.
Ne3 Be6 15. a4 b6 16. Ndc4 a5 17. b5 Ncb8 18. Ba3 Bf8 19. Bxf8 Kxf8 20. Rad1 Qf6 21. Nd5 Bxd5 22. exd5 Nc5 23. d6 cxd6 24. Be4 Nxe4 25. Qxe4 Nd7 26. Rxd6 Qe7 27. Red1 Nc5 28. Qe3 Nxa4 29. Qxh6+ Kg8 30. R6d3 Rad8 31. Qe3 Nxc3 32. Re1 Nxb5 33. Rxd8 Qxd8 34. Nxe5 Qd4 35. Qxd4 Nxd4 36. Kf1 a4 37. Re4 Nc6 38. f4 Nxe5 0-1

[Event "*** Titled Tuesday Blitz"]
[Site "Chess.com"]
[Date "2021.03.16"]
[Round "8"]
[White "vugarrasulov"]
[Black "Paladin61"]
[Result "1-0"]
[WhiteElo "2866"]
[BlackElo "2792"]
[TimeControl "180+1"]
[EndTime "11:27:24 PDT"]
[Termination "vugarrasulov won by checkmate"]

1. d4 Nf6 2. c4 g6 3. Nc3 Bg7 4. e4 d6 5. Nge2 O-O 6. Ng3 a6 7. Be2 c5 8. d5 b5 9. cxb5 axb5 10. Nxb5 Ba6 11. O-O Nbd7 12. a4 Ne8 13. Ra3 Nc7 14.
Re1 Qb8 15. Bg5 Re8 16. Qd2 Qb7 17. Bh6 Bh8 18. Nf5 Nf6 19. Qf4 Bxb5 20. axb5 Rxa3 21. bxa3 Nxb5 22. Rb1 Nc3 23. Rxb7 Nxe2+ 24. Kf1 Nxf4 25. Nxe7+ Rxe7 26. Rxe7 N4h5 27. a4 Bg7 28. Bxg7 Kxg7 29. a5 c4 30. Ke1 Nf4 31. a6 c3 32. Kd1 Nd3 33. a7 Nxe4 34. Rxe4 Nxf2+ 35. Kc2 Nxe4 36. a8=Q f5 37. Qd8 Kh6 38. Qh4+ Kg7 39. Qe7+ Kh6 40.
g4 Ng5 41. Qf8# 1-0

[Event "*** Titled Tuesday Blitz"]
[Site "Chess.com"]
[Date "2021.03.16"]
[Round "8"]
[White "Taran2004"]
[Black "CSB7"]
[Result "0-1"]
[WhiteElo "2440"]
[BlackElo "2610"]
[TimeControl "180+1"]
[EndTime "11:27:25 PDT"]
[Termination "CSB7 won by resignation"]

1. e4 e6 2. d4 d5 3. Nd2 Nf6 4. e5 Nfd7 5. Bd3 c5 6. c3 Nc6 7. Ne2 cxd4 8. cxd4 f6 9. exf6 Qxf6 10. Nf3 Bd6 11. Bg5 Qf7 12. O-O O-O 13. Ng3 Nf6 14.
a3 Bd7 15. Rc1 Rae8 16. Re1 Kh8 17. Ne5 Bxe5 18. dxe5 Ng8 19. Qh5 Qxh5 20. Nxh5 Nge7 21. b4 a6 22. Re3 h6 23. Bh4 Nf5 24. Bxf5 Rxf5 25. Ng3 Rxe5 26. Rxe5 Nxe5 27. Ne2 Nc4 28. f4 Nxa3 29. Rc7 Bc6 30. Nd4 Nb5 31. Nxb5 axb5 32.
Be1 d4 33. Kf2 Ra8 34. Kg3 Ra2 35. Bf2 d3 36. Bd4 Rxg2+ 37. Kh4 d2 0-1

[Event "*** Titled Tuesday Blitz"]
[Site "Chess.com"]
[Date "2021.03.16"]
[Round "8"]
[White "jfriedel"]
[Black "Kobalia"]
[Result "1-0"]
[WhiteElo "2663"]
[BlackElo "2730"]
[TimeControl "180+1"]
[EndTime "11:27:27 PDT"]
[Termination "jfriedel won on time"]

1. d4 Nf6 2. c4 g6 3. Nc3 Bg7 4. e4 O-O 5. Nge2 c6 6. e5 Ne8 7.
g3 d6 8. Bf4 Be6 9. b3 dxe5 10.
dxe5 Qxd1+ 11. Rxd1 Nd7 12. Nd4 Nxe5 13. Nxe6 Nf3+ 14.
Ke2 fxe6 15. Kxf3 e5 16. Ne4 exf4 17. Ke2 Nc7 18. Bh3 f3+ 19. Ke3 Bh6+ 20. Kd3 a5 21. Kc2 Na6 22. a3 b5 23. Rd7 Kh8 24. Be6 Bg7 25.
Rhd1 a4 26. bxa4 b4 27. Rxe7 bxa3 28. Rdd7 Nb8 29. Rb7 1-0